Map: Neon Violet Square LE

Players

SamuraiFunn

  • Race: Protoss Protoss
  • League: Platinum
  • Spawn Location: 5:00

A.I. 1 (Very Hard) - Winner!

  • Race: Protoss Protoss
  • Spawn Location: 11:00

VOD

Have the link to the VOD?

Description

Time

  • Played on: Nov. 27, 2017, 10:41 p.m.
  • Length: 24:18
Show
View Real Time Build Order
Export as new Build Order

SamuraiFunn Protoss 

Build Orders:  

Get SALT Encoding   

  12  0:03  Probe  
  13  0:15  Probe  
  14  0:27  Pylon  
  14  0:29  Probe  
  15  0:45  Probe  
  15  0:46  Gateway  
  16  0:57  Probe  
  17  1:10  Probe  
  18  1:22  Probe  
  19  1:27  Gateway  
  19  1:35  Probe  
  19  1:38  Zealot (Chrono Boost)  
  22  1:40  Pylon  
  23  1:47  Probe  
  23  1:52  Cybernetics Core  
  23  1:59  Probe  
  24  2:03  Nexus  
  24  2:12  Probe  
  25  2:26  Probe  
  25  2:27  Assimilator  
  26  2:32  Assimilator  
  26  2:34  Pylon  
  26  2:38  Probe  
  27  2:47  Zealot x2  
  31  2:53  Probe  
  32  3:05  Probe  
  33  3:10  Warp Gate (Chrono Boost)  
  33  3:17  Probe, Gateway  
  33  3:18  Probe  
  35  3:29  Probe  
  35  3:30  Probe  
  35  3:32  Gateway  
  37  3:41  Probe  
  38  3:42  Probe  
  39  3:49  Robotics Facility  
  39  3:53  Probe  
  39  3:54  Probe  
  41  3:59  Assimilator  
  41  4:05  Probe, Assimilator  
  41  4:06  Probe  
  41  4:08  Pylon  
  43  4:17  Probe  
  43  4:18  Probe  
  45  4:29  Probe  
  45  4:30  Probe  
  47  4:35  Twilight Council  
  47  4:41  Probe  
  47  4:43  Probe  
  49  4:47  Robotics Bay  
  49  4:51  Immortal  
  53  4:58  Probe x2  
  55  5:10  Probe  
  55  5:11  Probe  
  57  5:18  Blink  
  57  5:21  Nexus  
  57  5:23  Probe x2, Pylon  
  57  5:25  Pylon, Stalker  
  61  5:35  Pylon  
  61  5:36  Probe  
  61  5:41  Probe  
  63  5:48  Probe  
  64  5:53  Probe  
  64  5:56  Assimilator  
  65  5:59  Stalker  
  65  6:00  Stalker x3  
  65  6:01  Assimilator  
  65  6:02  Colossus  
  79  6:10  Probe x2  
  81  6:22  Probe  
  81  6:23  Probe, Extended Thermal Lance, Robotics Facility  
  83  6:31  Stalker  
  85  6:33  Stalker  
  85  6:34  Stalker x2  
  91  6:43  Pylon  
  91  6:46  Pylon  
  91  6:48  Probe x2  
  91  6:49  Probe  
  91  6:50  Pylon  
  91  6:54  Pylon  
  94  6:58  Pylon, Colossus  
  100  7:17  Probe x3  
  100  7:21  Stalker x4  
  111  7:23  Colossus  
  117  7:32  Probe x3  
  117  7:34  Forge x2  
  120  7:44  Probe x3  
  123  7:56  Probe, Stalker x3  
  123  7:57  Stalker  
  132  8:01  Colossus  
  138  8:12  Probe x3  
  141  8:17  Nexus  
  141  8:24  Pylon  
  141  8:26  Protoss Ground Weapons Level 1  
  141  8:27  Pylon, Protoss Shields Level 1  
  141  8:29  Pylon  
  141  8:46  Pylon  
  141  8:47  Pylon  
  141  8:48  Pylon  
  141  8:56  Pylon  
  141  8:58  Colossus  
  141  8:59  Colossus  
  153  9:21  Robotics Facility  
  153  9:22  Robotics Facility  
  153  9:30  Stalker  
  153  9:31  Stalker x3  
  161  9:41  Gateway  
  161  9:52  Colossus x2  
  161  9:54  Gateway x2  
  161  9:57  Gateway  
  133  10:15  Stalker x2  
  133  10:16  Stalker x2  
  133  10:20  Colossus x2  
  145  10:21  Protoss Ground Armor Level 1  
  135  10:42  Stalker  
  135  10:43  Stalker x3  
  135  10:47  Warp Prism  
  135  10:49  Warp Prism  
  147  11:08  Stalker x2  
  147  11:09  Stalker x5  
  161  11:27  Colossus  
  161  11:28  Colossus x2  
  171  11:57  Stalker x2  
  171  11:58  Stalker  
  171  11:59  Stalker x3  
  171  12:00  Stalker  
  113  12:32  Colossus x2  
  117  12:59  Stalker x4  
  117  13:00  Stalker x2  
  129  13:08  Colossus  
  135  13:15  Zealot  
  137  13:25  Zealot x2  
  137  13:26  Zealot x3  
  147  13:35  Gateway  
  147  13:42  Assimilator  
  147  13:45  Gateway x2, Assimilator  
  147  13:49  Gateway, Nexus  
  147  13:50  Gateway  
  147  13:51  Assimilator  
  147  13:55  Assimilator  
  147  14:00  Colossus x3  
  147  14:02  Colossus  
  171  14:04  Zealot x2  
  171  14:05  Zealot x5  
  185  14:43  Zealot x3  
  185  14:44  Zealot x2  
  185  14:45  Zealot  
  197  15:28  Protoss Ground Weapons Level 2 (Chrono Boost)  
  197  15:29  Protoss Shields Level 2 (Chrono Boost)  
  151  16:54  Stalker x5  
  141  16:55  Stalker  
  141  16:57  Stalker x3  
  141  16:58  Stalker  
  109  17:11  Zealot x2  
  107  17:19  Zealot  
  107  17:20  Zealot x5  
  117  17:23  Colossus x4  
  140  17:30  Zealot x4  
  134  17:54  Zealot  
  134  17:55  Zealot x2  
  132  17:59  Zealot x4  
  132  18:00  Zealot  
  142  18:12  Stalker x2  
  146  18:13  Stalker x2  
  146  18:16  Colossus x3  
  146  18:17  Colossus  
  158  18:55  Pylon  
  158  18:59  Pylon  
  158  19:00  Zealot x4  
  158  19:01  Zealot  
  168  19:03  Stalker x4  
  168  19:04  Stalker  
  168  19:05  Stalker  
  168  19:06  Stalker  
  182  19:10  Colossus x3  
  182  19:13  Assimilator  
  200  19:17  Assimilator  
  200  19:52  Nexus  
  200  20:19  Charge  
  146  21:58  Nexus  
  146  22:00  Pylon  
  146  22:01  Pylon, Assimilator  
  146  22:02  Assimilator  
  146  22:03  Pylon  
  146  22:15  Zealot x2  
Show
View Real Time Build Order
Export as new Build Order

A.I. 1 (Very Hard) Protoss - Winner!

Build Orders: Zealot Archon, Colossus Rush 

Get SALT Encoding   

  12  0:00  Probe  
  13  0:13  Probe  
  14  0:21  Pylon  
  14  0:25  Probe  
  15  0:39  Probe  
  16  0:47  Assimilator  
  16  0:50  Gateway  
  16  0:51  Probe  
  17  1:00  Pylon  
  17  1:04  Probe  
  18  1:16  Probe  
  19  1:28  Probe  
  20  1:39  Zealot  
  22  1:40  Probe, Cybernetics Core  
  23  1:52  Probe  
  24  2:04  Probe  
  24  2:05  Nexus  
  25  2:16  Probe  
  25  2:19  Warp Gate  
  26  2:23  Stalker  
  26  2:28  Probe  
  29  2:36  Pylon  
  29  2:40  Probe  
  30  2:46  Gateway  
  30  2:50  Assimilator  
  30  2:52  Probe  
  31  2:58  Adept  
  31  3:05  Probe  
  34  3:07  Pylon  
  34  3:17  Probe x2  
  36  3:26  Adept  
  38  3:29  Probe x2  
  40  3:36  Robotics Facility  
  40  3:40  Adept  
  42  3:42  Probe  
  42  3:44  Probe  
  44  3:53  Adept  
  44  3:54  Probe  
  47  3:56  Probe  
  48  4:06  Probe  
  48  4:07  Adept  
  48  4:09  Probe  
  52  4:18  Probe  
  52  4:21  Probe  
  54  4:25  Robotics Bay  
  54  4:27  Adept  
  54  4:29  Pylon  
  54  4:30  Probe  
  57  4:32  Observer  
  57  4:33  Probe  
  59  4:41  Robotics Facility  
  59  4:42  Probe  
  60  4:47  Pylon  
  60  4:48  Stalker  
  62  4:53  Stalker  
  62  4:58  Probe, Pylon  
  66  5:00  Probe  
  66  5:21  Gateway  
  66  5:24  Colossus  
  72  5:29  Pylon  
  72  5:30  Zealot  
  72  5:33  Zealot  
  76  5:42  Pylon  
  76  5:45  Probe  
  76  5:47  Assimilator  
  76  5:48  Probe  
  76  5:49  Twilight Council  
  77  5:50  Assimilator, Zealot  
  77  5:53  Stalker  
  81  6:09  Probe x2  
  83  6:21  Probe  
  83  6:22  Probe  
  85  6:31  Forge  
  85  6:33  Probe  
  85  6:34  Templar Archives  
  85  6:35  Pylon  
  86  6:41  Pylon  
  86  7:00  Sentry  
  88  7:05  Stalker, Warp Prism  
  88  7:07  Photon Cannon, Nexus  
  92  7:09  Stalker  
  92  7:10  Gateway  
  92  7:13  Pylon  
  92  7:14  Pylon  
  94  7:17  Pylon  
  94  7:23  Stalker  
  94  7:24  Pylon  
  94  7:26  Immortal  
  94  7:28  High Templar, Forge  
  102  7:32  High Templar  
  104  7:41  Photon Cannon  
  104  7:46  Photon Cannon, Sentry  
  104  7:47  Archon  
  104  7:48  Immortal  
  110  8:00  Zealot  
  110  8:04  High Templar  
  110  8:05  Stalker  
  116  8:15  High Templar  
  118  8:20  Probe x3  
  118  8:21  Stalker  
  118  8:26  Pylon, Assimilator  
  123  8:28  Stalker  
  123  8:29  Archon  
  123  8:30  Assimilator  
  123  8:32  Probe  
  123  8:33  Probe  
  123  8:34  Probe  
  128  8:37  Stalker  
  130  8:44  High Templar, Probe  
  130  8:45  Probe  
  130  8:46  Probe  
  130  8:47  Photon Cannon  
  135  8:49  Pylon  
  135  8:56  High Templar, Probe  
  135  8:58  Probe x2  
  135  9:00  Stalker  
  142  9:06  Sentry  
  142  9:08  Probe, Archon  
  145  9:10  Photon Cannon, Probe x2  
  145  9:12  Photon Cannon  
  145  9:16  High Templar  
  149  9:20  Probe  
  149  9:22  Probe  
  149  9:23  Probe  
  152  9:25  High Templar  
  154  9:31  Protoss Ground Weapons Level 1  
  154  9:32  Probe  
  154  9:34  Warp Prism  
  154  9:37  Gateway  
  157  9:40  High Templar, Archon  
  157  9:42  Photon Cannon  
  157  9:43  Nexus  
  159  9:47  Protoss Ground Armor Level 1  
  159  9:52  Pylon  
  159  9:56  High Templar  
  161  10:03  Immortal  
  159  10:11  Immortal, Stalker  
  159  10:13  Zealot  
  153  10:14  Stalker  
  153  10:19  Archon  
  119  10:29  High Templar  
  119  10:32  Zealot  
  119  10:33  Zealot  
  119  10:35  Stalker  
  107  10:38  Adept  
  107  10:52  High Templar  
  107  10:53  Sentry  
  111  10:58  Sentry, Adept  
  111  11:01  Immortal, Stalker  
  111  11:04  Assimilator  
  121  11:06  Assimilator  
  121  11:07  Archon  
  121  11:16  High Templar  
  121  11:18  Stalker  
  125  11:23  High Templar  
  127  11:26  Pylon, Stalker  
  127  11:29  Stalker  
  131  11:37  Archon, Immortal  
  135  11:41  Zealot  
  137  11:48  High Templar  
  137  11:49  Stalker  
  137  11:53  High Templar  
  129  11:55  Stalker  
  119  12:01  Zealot  
  107  12:12  Immortal, Zealot  
  97  12:16  Immortal  
  97  12:18  Sentry  
  97  12:20  Photon Cannon  
  97  12:21  Sentry, Probe, Adept  
  102  12:22  Pylon  
  102  12:23  Probe  
  102  12:24  Probe x2  
  102  12:25  Gateway, Zealot  
  94  12:31  Photon Cannon, Archon  
  94  12:32  Nexus, Adept  
  94  12:33  Probe  
  94  12:34  Photon Cannon  
  94  12:35  Probe  
  94  12:36  Probe x2  
  100  12:41  High Templar, Zealot  
  100  12:42  Photon Cannon  
  100  12:44  Photon Cannon, Adept  
  106  12:45  Probe, High Templar  
  106  12:48  Probe x3  
  112  12:52  Sentry  
  112  12:57  Probe  
  115  13:00  Probe x2  
  115  13:01  High Templar, Archon  
  115  13:04  High Templar  
  121  13:14  Stalker  
  121  13:15  Archon, Stalker  
  121  13:18  Stalker  
  121  13:19  High Templar  
  129  13:20  Photon Cannon  
  129  13:29  Psionic Storm  
  129  13:33  Stalker  
  131  13:36  High Templar, Stalker  
  135  13:42  High Templar  
  135  13:44  Archon  
  137  13:49  High Templar  
  137  13:53  Assimilator  
  139  13:56  High Templar, Pylon  
  139  13:58  Photon Cannon  
  139  13:59  Assimilator  
  139  14:02  Photon Cannon  
  141  14:03  High Templar, Archon  
  141  14:05  Photon Cannon  
  141  14:07  Photon Cannon  
  143  14:10  High Templar  
  143  14:14  Archon  
  143  14:16  Photon Cannon  
  145  14:17  High Templar  
  145  14:24  High Templar  
  149  14:26  Pylon  
  149  14:27  Zealot  
  149  14:30  High Templar, Archon  
  153  14:33  Nexus  
  153  14:35  Zealot  
  155  14:42  High Templar  
  155  14:43  Dark Shrine  
  155  14:45  Archon  
  157  14:46  Photon Cannon  
  157  14:47  High Templar  
  159  14:54  Photon Cannon  
  159  14:56  Photon Cannon  
  159  14:58  High Templar, Archon  
  159  14:59  High Templar  
  164  15:07  Observer  
  164  15:10  Observer  
  164  15:13  Archon  
  165  15:16  High Templar  
  165  15:17  High Templar, Zealot  
  171  15:28  High Templar  
  173  15:32  Archon  
  173  15:34  Photon Cannon  
  173  15:39  High Templar  
  175  15:43  Archon  
  175  15:45  High Templar  
  177  15:51  High Templar  
  177  15:52  Assimilator  
  177  15:54  Pylon  
  177  15:57  Pylon, Dark Templar x2  
  179  15:59  Assimilator  
  179  16:00  High Templar  
  179  16:03  Immortal  
  189  16:07  Immortal  
  193  16:16  Photon Cannon  
  193  16:32  Zealot  
  194  16:34  Probe  
  194  16:36  Probe x2  
  194  16:37  Probe, Zealot x2  
  199  16:43  Zealot  
  199  16:44  Zealot  
  199  16:45  Immortal  
  199  16:46  Immortal  
  197  16:50  Adept  
  175  16:54  Sentry  
  175  16:57  Adept  
  175  16:59  Sentry  
  163  17:05  High Templar  
  163  17:07  Stalker  
  167  17:13  High Templar, Nexus  
  167  17:18  Zealot  
  167  17:20  High Templar  
  171  17:23  Assimilator  
  171  17:24  Immortal  
  171  17:25  Immortal, Dark Templar  
  181  17:32  Zealot  
  181  17:33  Archon  
  181  17:34  Pylon  
  183  17:37  Photon Cannon  
  183  17:38  Assimilator  
  183  17:42  High Templar  
  183  17:43  High Templar  
  181  17:46  Zealot  
  183  17:54  Photon Cannon  
  183  17:57  Zealot  
  183  17:58  Zealot x2  
  189  17:59  Archon  
  189  18:03  Colossus  
  189  18:05  Photon Cannon, Immortal  
  199  18:07  Photon Cannon  
  199  18:08  Protoss Ground Weapons Level 2  
  199  18:09  Photon Cannon  
  199  18:11  Archon  
  199  18:13  Photon Cannon, Charge, Archon  
  199  18:29  Protoss Ground Armor Level 2, Stalker  
  199  18:33  Probe x2  
  193  18:34  Probe x2  
  193  18:35  Probe  
  193  18:36  Probe, Dark Templar  
  193  18:37  High Templar, Dark Templar  
  193  18:39  High Templar  
  199  18:45  Probe  
  200  18:51  Photon Cannon, Archon  
  200  18:52  Archon  
  200  19:27  Colossus  
  200  19:29  Colossus  
  200  20:00  Robotics Facility  
  200  20:02  Nexus  
  200  20:34  Probe  
  200  20:38  Probe x2  
  200  20:39  Probe  
  200  20:40  Probe x2  
  199  20:43  Stalker  
  199  20:44  Zealot  
  199  20:45  Zealot x2  
  199  20:46  Zealot  
  199  20:47  Probe  
  199  20:48  Zealot  
  199  20:49  Immortal  
  199  20:50  Probe x2, Immortal  
  199  20:52  Probe  
  200  20:57  Probe  
  200  20:59  Probe  
  200  21:02  Probe  
  199  21:04  Zealot  
  199  21:05  Probe  
  199  21:06  Zealot  
  199  21:08  Zealot  
  199  21:09  Probe  
  189  21:11  Probe  
  189  21:14  Probe  
  178  21:27  Probe  
  178  21:28  Probe  
  169  21:34  Probe  
  169  21:43  Probe  
  168  21:54  Probe x2  
  162  21:55  Probe, Nexus  
  162  21:59  Probe, Warp Prism  
  165  22:06  Probe  
  165  22:10  Pylon  
  162  22:16  Archon  
  162  22:17  Archon  
  144  23:05  Nexus  
  143  23:21  Nexus  
  143  23:26  Forge  
Tags
 
Composition
Zealot Archon
League
Platinum
Matchup
PvP
Replay Pack
First 100 games
Spawn Locations
Cross Positions
Add a new tag
Caveats
  • Supply blocks, unpowered buildings, or Contaminate may cause inaccurate times.
  • Supply counts are checked every 10 seconds.